 Dungeon Sprint DCSS version 0.27-a0-216-g1fbed8a51c (webtiles) character file.

Game seed: 2445157753423213477

10243 mhtbhm the Imperceptible (level 11, -3/59 HPs)
             Began as a Vine Stalker Brigand on Jan 31, 2021.
             Was a High Priest of Dithmenos.
             Slain by a ghost moth (9 damage)
             ... in the Dungeon (Sprint IV: "Fedhas' Mad Dash").
             The game lasted 00:05:52 (1276 turns).

mhtbhm the Imperceptible (Vine Stalker Brigand)     Turns: 1276, Time: 00:05:53

Health: -3/59      AC:  8    Str: 14      XL:     11   Next: 59%
Magic:  0/14       EV: 14    Int:  9 (11) God:    Dithmenos [*****.]
Gold:   91         SH:  0    Dex: 18 (21) Spells: 10/10 levels left

rFire    + . .     SeeInvis .   a - +3 rapier (distort)
rCold    . . .     Faith    .   (no shield)
rNeg     . . .     Spirit   +   b - +0 robe
rPois    +         Reflect  .   (no helmet)
rElec    .         Harm     .   c - +0 cloak
rCorr    .         Rampage  .   (no gloves)
Will     +....     NoTele   +   (no boots) Stlth ******++++
                                k - amulet of invisibility {+Inv}
HPRegen  0.59/turn              i - ring "Bib Zimp" {rPois rF+ Dex+2}
MPRegen  0.14/turn              o - +4 ring of protection

@: very slightly contaminated, hasted, wreathed by umbra, invisible, very quick
A: fangs 3, rugged brown scales 1, mutation resistance 1, regeneration 1, magic
shield, antimagic bite, no potion heal 3
a: Renounce Religion, Evoke Invisibility, Shadow Step, Shadow Form


You were in the Dungeon.
You worshipped Dithmenos.
Dithmenos was extremely pleased with you.
You visited 1 branch You collected 187 gold pieces.
You spent 96 gold pieces at shops.

Inventory:

Hand Weapons
 a - a +3 rapier of distortion (weapon)
Missiles
 d - 16 poisoned darts (quivered)
Armour
 b - a +0 robe (worn)
 c - a +0 cloak (worn)
Jewellery
 i - the ring "Bib Zimp" (left hand) {rPois rF+ Dex+2}
   (You found it in the Dungeon)

   [ring of protection from fire]

   It affects your dexterity (+2).
   It protects you from fire.
   It protects you from poison.
 k - the amulet of invisibility (around neck) {+Inv}
   (You found it in the Dungeon)

   [amulet of nothing]

   It lets you turn invisible.
 o - a +4 ring of protection (right hand)
Scrolls
 j - a scroll of blinking
 l - a scroll of magic mapping {unknown}
 m - a scroll of remove curse {unknown}
Potions
 f - a potion of curing
 h - a potion of magic
Miscellaneous
 n - a condenser vane (inert)


   Skills:
 + Level 7.0 Fighting
 + Level 10.0 Short Blades
 + Level 4.5 Throwing
 + Level 3.6 Dodging
 + Level 25.1 Stealth
 + Level 3.2 Invocations
 + Level 9.4 Evocations


You had 10 spell levels left.
You didn't know any spells.
Your spell library contained the following spells:

 Spells                   Type           Power        Failure   Level
 Confusing Touch          Hex            0%           77%         3
 Gell's Gravitas          Tloc           0%           77%         3
 Petrify                  Tmut/Erth      0%           99%         4
 Metabolic Englaciation   Hex/Ice        0%           100%        5
 Yara's Violent Unravell  Hex/Tmut       0%           100%        5


Dungeon Overview and Level Annotations

Branches:
Dungeon (1/1)

Altars:
Cheibriados
Dithmenos
Elyvilon
Gozag
Hepliaklqana
Kikubaaqudgha
Makhleb
Nemelex Xobeh
Okawaru
Qazlal
Ru
Sif Muna
Trog
Uskayaw
Vehumet
Wu Jian
Xom
Yredelemnul
Zin
The Shining One
Beogh
Jiyva
Lugonu

Shops:
D *[}[?*?(:??


Innate Abilities, Weirdness & Mutations

You have razor-sharp teeth.
Your natural rate of healing is unusually fast.
When hurt, damage is shared between your health and your magic reserves.
Your bite disrupts and absorbs the magic of your enemies.
Potions cannot restore your health.
You are partially covered in rugged brown scales. (AC +1, +3% HP)
You are somewhat resistant to further mutation.


Message History

Unknown command.
You hit something but do no damage.
Space bends around something.
You bite something. You drain its magic.
You feel invigorated.
You miss something. Something hits you but does no damage. Something hits you.
* * * LOW HITPOINT WARNING * * *
Something stings you!
* * * LOW HITPOINT WARNING * * *
You are lethally poisoned!
Something poisons you!
Unknown command.
Your system rejects the healing.
You feel better. Something hits you.
You feel dopey. Something barely misses you. x2
Unknown command.
You barely miss something.
Okay, then.
You miss something. Your bite misses something.
Your shadow hits something but does no damage.
Something barely misses you. Something hits you!
You die...

#.....♣..♣..######♣♣♣♣♣..♣(##
##'####'######.['......♣..♣##
#(.#....'.......#♣..♣♣♣.♣).##
#.[#.)###.......#.♣♣..♣...♣'.
#############################
......................# ##
∩...........○§○.....P.#####.
∩...........°.§....)P.......
∩..........@...§....P...####
##########+##############


There were no monsters in sight!

Vanquished Creatures
  Agnes (D)
  A spriggan defender (D)
  A spriggan berserker (D)
  A spriggan druid (D)
  6 oklob plants (D)
  3 burning bushes (D)
  2 demonic crawlers (D)
  3 wandering mushrooms (D)
  A queen bee (D)
  2 hornets (D)
  2 scorpions (D)
  4 killer bees (D)
  5 oklob saplings (D)
  A worker ant (D)
  7 spriggans (D)
  A river rat (D)
  A rat (D)
  A ballistomycete spore (D)
43 creatures vanquished.

Vanquished Creatures (others)
  A ballistomycete spore (D)
1 creature vanquished.

Grand Total: 44 creatures vanquished

Notes
Turn   | Place    | Note
-------+----------+-------------------------------------------
     0 | D        | mhtbhm the Vine Stalker Brigand began the quest for the
                  | Orb.
     0 | D        | Reached XP level 1. HP: 11/11 MP: 2/2
     9 | D        | Reached skill level 6 in Stealth
     9 | D        | Reached XP level 2. HP: 15/15 MP: 3/3
    16 | D        | Noticed an oklob sapling
    17 | D        | Killed an oklob sapling
    18 | D        | Reached skill level 8 in Stealth
    18 | D        | Reached XP level 3. HP: 19/19 MP: 4/4
    20 | D        | Found the amulet of invisibility {+Inv}
    22 | D        | Reached skill level 9 in Stealth
    22 | D        | Gained mutation: Your natural rate of healing is unusually
                  | fast. [Vine Stalker growth]
    22 | D        | Reached XP level 4. HP: 23/23 MP: 5/5
    44 | D        | Found an opulent altar of Gozag.
    44 | D        | Found a hazy altar of Hepliaklqana.
    44 | D        | Found a burning altar of Makhleb.
    44 | D        | Found a roughly hewn altar of Beogh.
    44 | D        | Found a sparkling altar of Nemelex Xobeh.
    44 | D        | Found a snail-covered altar of Cheibriados.
    44 | D        | Found a sacrificial altar of Ru.
    44 | D        | Found a shimmering blue altar of Sif Muna.
    44 | D        | Found a shimmering altar of Xom.
    44 | D        | Found a basalt altar of Yredelemnul.
    45 | D        | Found a viscous altar of Jiyva.
    45 | D        | Found a bloodstained altar of Trog.
    45 | D        | Found an ornate altar of the Wu Jian Council.
    45 | D        | Noticed an oklob sapling priest
    46 | D        | Found an iron altar of Okawaru.
    46 | D        | Found a shadowy altar of Dithmenos.
    46 | D        | Found a glowing silver altar of Zin.
    47 | D        | Found an ancient bone altar of Kikubaaqudgha.
    47 | D        | Found a hide-covered altar of Uskayaw.
    48 | D        | Found a stormy altar of Qazlal.
    48 | D        | Found a white marble altar of Elyvilon.
    48 | D        | Found a glowing golden altar of the Shining One.
    49 | D        | Found a corrupted altar of Lugonu.
    49 | D        | Found a radiant altar of Vehumet.
    52 | D        | Killed an oklob sapling priest
    53 | D        | Reached skill level 1 in Dodging
    53 | D        | Reached skill level 10 in Stealth
    55 | D        | Became a worshipper of Dithmenos the Shadowed
    65 | D        | Reached skill level 11 in Stealth
    65 | D        | Reached XP level 5. HP: 28/28 MP: 4/6
   107 | D        | Reached skill level 12 in Stealth
   107 | D        | Reached skill level 1 in Evocations
   131 | D        | Noticed a queen bee
   141 | D        | Reached * piety under Dithmenos
   143 | D        | Killed a queen bee
   144 | D        | Reached skill level 15 in Stealth
   144 | D        | Reached XP level 6. HP: 24/33 MP: 7/7
   149 | D        | Reached XP level 7. HP: 19/37 MP: 5/8
   152 | D        | Reached ** piety under Dithmenos
   154 | D        | Reached skill level 5 in Short Blades
   155 | D        | Noticed an oklob plant
   212 | D        | Killed an oklob plant
   213 | D        | Reached skill level 17 in Stealth
   213 | D        | Gained mutation: You have razor-sharp teeth. [Vine Stalker
                  | growth]
   213 | D        | Reached XP level 8. HP: 20/42 MP: 3/9
   275 | D        | Noticed a burning bush
   278 | D        | Killed a burning bush
   288 | D        | Noticed a burning bush
   288 | D        | Noticed an oklob plant
   289 | D        | Noticed a wandering mushroom
   290 | D        | Killed a burning bush
   290 | D        | Reached *** piety under Dithmenos
   291 | D        | Reached skill level 18 in Stealth
   296 | D        | Killed an oklob plant
   297 | D        | Reached skill level 5 in Fighting
   297 | D        | Reached skill level 5 in Evocations
   297 | D        | Reached XP level 9. HP: 47/47 MP: 8/10
   300 | D        | Killed a wandering mushroom
   301 | D        | Reached skill level 19 in Stealth
   317 | D        | Noticed a spriggan druid
   318 | D        | Killed a spriggan druid
   318 | D        | Reached **** piety under Dithmenos
   319 | D        | Reached skill level 20 in Stealth
   331 | D        | Noticed an oklob plant conjurer
   332 | D        | Killed an oklob plant conjurer
   428 | D        | Found Isigug's Magic Scroll Shop.
   428 | D        | Found Nydudod's Armour Emporium.
   438 | D        | Noticed a burning bush
   438 | D        | Noticed a wandering mushroom
   439 | D        | Noticed a wandering mushroom
   441 | D        | Killed a burning bush
   442 | D        | Killed a wandering mushroom
   442 | D        | Reached ***** piety under Dithmenos
   443 | D        | Reached XP level 10. HP: 49/52 MP: 4/11
   446 | D        | Reached skill level 21 in Stealth
   452 | D        | Found Zuh Bote's Book Emporium.
   452 | D        | Found Ykkighan's Weapon Shoppe.
   456 | D        | Got a pitted granite ring
   457 | D        | Identified the ring "Bib Zimp" {rPois rF+ Dex+2} (You found
                  | it in the Dungeon)
   556 | D        | Noticed an oklob plant
   556 | D        | Noticed an oklob plant summoner
   557 | D        | Noticed an oklob plant shifter
   558 | D        | Killed an oklob plant
   560 | D        | Killed an oklob plant shifter
   562 | D        | Killed an oklob plant summoner
   568 | D        | Reached skill level 22 in Stealth
   568 | D        | Reached skill level 1 in Invocations
   612 | D        | Noticed a spriggan rider
   613 | D        | Found Saet's Magic Scroll Shoppe.
   613 | D        | Found Codiz's Magic Scroll Emporium.
   617 | D        | Killed a spriggan rider
   684 | D        | Noticed Agnes
   685 | D        | Found Osovyad's General Store.
   685 | D        | Found Lisufuh's Magic Scroll Shoppe.
   686 | D        | Killed Agnes
   687 | D        | Reached skill level 23 in Stealth
   687 | D        | Reached XP level 11. HP: 54/58 MP: 8/13
   689 | D        | Noticed a spriggan defender
   692 | D        | Killed a spriggan defender
   693 | D        | Reached skill level 24 in Stealth
   771 | D        | Noticed a spriggan berserker
   773 | D        | Killed a spriggan berserker
   776 | D        | Noticed a spriggan rider
   779 | D        | Killed a spriggan rider
   782 | D        | Reached skill level 10 in Short Blades
   980 | D        | Found Var Est's General Store.
   980 | D        | Found Laty's Armour Boutique.
   980 | D        | Found Tiliep's Gadget Emporium.
  1017 | D        | Reached skill level 25 in Stealth
  1218 | D        | Bought a potion of mutation for 96 gold pieces
  1218 | D        | Gained mutation: You are partially covered in rugged brown
                  | scales. (AC +1, +3% HP) [potion of mutation]
  1218 | D        | Gained mutation: You are somewhat resistant to further
                  | mutation. [potion of mutation]
  1249 | D        | HP: 2/59 [something (14)]
  1276 | D        | Slain by a ghost moth

Illustrated notes

Levels and vault maps discovered:
D:        dungeon_sprint_fedhas [sprint_temple]

Skill      XL: |  1  2  3  4  5  6  7  8  9 10 11 |
---------------+----------------------------------+-----
Fighting       | 2 3 4 5 6 7 |  7.0
Short Blades   | 2 3 4 5 7 8 9 10 | 10.0
Throwing       | 2 3 4 |  4.5
Stealth        | 6 8 9 11 15 17 18 20 23 25 | 25.1
Dodging        | 1 2 3 |  3.6
Evocations     | 2 4 5 7 8 9 |  9.4
Invocations    | 2 3 |  3.2

Action                   |  1- 3 |  4- 6 |  7- 9 | 10-12 || total
-------------------------+-------+-------+-------+-------++-------
Melee: Dagger            |     3 |    14 |    30 |    11 ||    58
       Bite              |       |     2 |     4 |     6 ||    12
       Rapier            |       |       |       |    19 ||    19
Throw: Dart              |     1 |       |       |     2 ||     3
Invok: Shadow Step       |       |       |     1 |     6 ||     7
 Abil: Evoke Invisibilit |       |     2 |     3 |     4 ||     9
Evoke: Condenser vane    |       |       |       |     1 ||     1
  Use: Potion            |       |     1 |       |     4 ||     5
 Stab: Sleeping          |     3 |     3 |    12 |    14 ||    32
       Invisible         |       |     1 |     4 |       ||     5
Armor: Robe              |       |       |       |     9 ||     9
Dodge: Dodged            |       |    16 |    10 |    20 ||    46

Table legend: (Time is in decaauts)
 A = Elapsed time spent in this place.
 B = Non-inter-level travel time spent in this place.
 C = Inter-level travel time spent in this place.
 D = Time resting spent in this place.
 E = Time spent auto-exploring this place.
 F = Levels seen in this place.
 G = Mean time per level.
                   A        B        C        D        E       F      G
               +--------+--------+--------+--------+--------+-----+--------+
         Total |   1247 |   1195 |     52 |    623 |      0 |   1 | 1247.0 |
       Dungeon |   1247 |   1195 |     52 |    623 |      0 |   1 | 1247.0 |
               +--------+--------+--------+--------+--------+-----+--------+

Top non-repeatable levels by time:
       D: 1247 daAuts
